 Dungeon Crawl Stone Soup version 0.23-a0-310-gdcc7a32 (webtiles) character file.

1579 namelastname112 the Carver (level 8, -2/73 HPs)
             Began as a White Draconian Chaos Knight on Oct 12, 2018.
             Was a Plaything of Xom.
             Slain by a centaur (11 damage)
             ... on level 5 of the Dungeon.
             The game lasted 00:08:28 (4375 turns).

namelastname112 the Carver (DrCK)                   Turns: 4375, Time: 00:08:28

Health: -2/73      AC: 10    Str: 17    XL:     8   Next: 60%
Magic:  12/12      EV: 13    Int: 13    God:    Xom [*.....]
Gold:   201        SH:  0    Dex: 13    Spells: 7/7 levels left

rFire    . . .     SeeInvis .   a - +1 falchion (chaos)
rCold    + + .     Gourm    .   (no shield)
rNeg     . . .     Faith    .   (armour unavailable)
rPois    +         Spirit   .   (helmet restricted)
rElec    +         Reflect  .   x - +0 cloak
rCorr    .         Harm     .   (no gloves)
MR       .....                  g - +2 pair of boots
Stlth    ++........             k - amulet of rage
HPRegen  0.22/turn              m - +3 ring of strength
MPRegen  0.13/turn              z - -2 ring of evasion

@: no status effects
A: breathe frost, unfitting armour, claws 1, camouflage 1, cold resistance 2,
poison resistance, screaming 1, electricity resistance, cold-blooded, AC +6
a: Breathe Frost, Renounce Religion, Evoke Berserk Rage


You were on level 5 of the Dungeon.
You worshipped Xom.
You were a special plaything of Xom.
You were not hungry.

You visited 1 branch of the dungeon, and saw 5 of its levels.

You collected 201 gold pieces.

Inventory:

Hand Weapons
 a - a +1 falchion of chaos (weapon)
Armour
 g - a +2 pair of boots (worn)
 x - a +0 cloak (worn)
Jewellery
 k - an amulet of rage (around neck)
 m - a +3 ring of strength (left claw)
 v - an uncursed amulet of magic regeneration
 z - a -2 ring of evasion (right claw)
Wands
 q - a wand of polymorph (6)
 r - a wand of acid (5)
Scrolls
 e - 3 scrolls of magic mapping
 f - a scroll of enchant armour
 j - a scroll of identify
 l - 3 scrolls of remove curse
 o - a scroll of teleportation
Potions
 c - a potion of invisibility
 d - a potion of magic
 i - 2 potions of agility
 p - a potion of degeneration
 t - a potion of haste {unknown}
Comestibles
 b - 8 rations
 A - 2 chunks of flesh


   Skills:
 + Level 7.4 Fighting
 * Level 9.1 Long Blades
 + Level 5.9 Dodging
 + Level 5.7 Evocations


You had 7 spell levels left.
You didn't know any spells.
Your spell library was empty.

Dungeon Overview and Level Annotations

Branches:
Dungeon (5/15)             Temple (0/1) D:5

Altars:
Sif Muna
Xom

Shops:
D:4 (


Innate Abilities, Weirdness & Mutations

You can breathe waves of freezing cold.
You can buffet flying creatures when you breathe cold.
Your icy white scales are hard. (AC +6)
You cannot fit into any form of body armour.
Your flesh is very cold resistant. (rC++)
You are cold-blooded and may be slowed by cold attacks.
You have sharp fingernails.
Your skin changes colour to match your surroundings (Stealth+).
Your system is resistant to poisons. (rPois)
You occasionally shout uncontrollably at your foes.
You are resistant to electric shocks. (rElec)


Message History

The centaur hits you.
* * * LOW HITPOINT WARNING * * *
You take 1 damage, and have 11/73 hp.
You feel better. The centaur hits you.
* * * LOW HITPOINT WARNING * * *
You regained 5 hp, and now have 16/73 hp.
You hit the centaur. You freeze the centaur.
The centaur is moderately wounded.
The centaur hits you.
* * * LOW HITPOINT WARNING * * *
The centaur hits you but does no damage.
The crimson imp blinks!
The adder bites you.
* * * LOW HITPOINT WARNING * * *
You take 8 damage, and have 8/73 hp.
You hit the centaur.
The centaur goes berserk!
Xom is highly amused!
The centaur is heavily wounded.
The centaur hits you!
You die...
Xom snickers!

***###.....#≈**≈≈≈≈≈*≈≈≈≈,,
*,.......#.#≈≈≈≈*≈*≈*≈*≈,,,
*,.......#(#*****≈*≈*≈*≈,,,
*,...!...#(#∩≈≈≈≈≈*≈≈≈*,,,,
*,........(##**********,,,,
*,.?...5..(.#*,**********,,
**##.....§(.##,*,,,*,,,,,,*
#......(..#,*,,,*,,,,,,*
#.....S@#.#,*,,,*,,,,,,*
#....<.c#...*,,,*,,,,,,*
##########..#,,,*,,,,,,*
******..#,,,*,,,,,,*
*,,,,,.>.,,,,,,,,,,*
*,,,,,,.##***,******
*,,,,,,,* *,* ***,,,,,,,*
*,* ****,,,,,,,,,* *,*


You could see a centaur (berserk), a crimson imp and an adder.

Vanquished Creatures
  A steam dragon (D:4)
  A golden eye (D:4)
  2 ice beasts (D:5)
  3 phantoms
  An ogre (D:4)
  2 scorpions
  A howler monkey (D:4)
  A crimson imp (D:5)
  A hound (D:4)
  A jelly (D:4)
  4 orc priests
  An iguana (D:4)
  Ijyb (D:3)
  5 orc wizards
  A worker ant (D:4)
  Robin (D:4)
  3 gnolls (D:3)
  An adder (D:5)
  2 oozes
  An adder skeleton (D:4)
  5 worms
  3 dart slugs
  A leopard gecko (D:4)
  8 orcs
  7 bats
  3 giant cockroaches
  6 goblins
  11 hobgoblins
  12 jackals
  2 quokkas
  4 ball pythons
  2 frilled lizards
  4 kobolds
  A leopard gecko zombie (D:3)
  A quokka zombie (D:5)
  5 rats
109 creatures vanquished.

Vanquished Creatures (others)
  A worm (D:4)
  An orc (D:4)
  A hobgoblin (D:4)
3 creatures vanquished.

Grand Total: 112 creatures vanquished

Notes
Turn   | Place    | Note
-------+----------+-------------------------------------------
     0 | D:1      | namelastname112 the Draconian Chaos Knight began the quest
                  | for the Orb.
     0 | D:1      | Reached XP level 1. HP: 19/19 MP: 1/1
     7 | D:1      | XOM: harmless Ice miscast
   139 | D:1      | Reached XP level 2. HP: 26/26 MP: 2/2
   609 | D:2      | Reached XP level 3. HP: 33/33 MP: 3/3
  1014 | D:3      | Noticed Ijyb
  1023 | D:3      | XOM: potion effect (experience)
  1023 | D:3      | Reached skill level 7 in Long Blades
  1023 | D:3      | Reached XP level 4. HP: 38/45 MP: 3/7
  1024 | D:3      | Reached skill level 5 in Dodging
  1126 | D:3      | Malog: у трансмутера нет статуи?
  1140 | D:3      | Malog: очень интересный бек
  1209 | D:3      | namelastname112: лол
  1209 | D:3      | namelastname112: у него бх есть
  1209 | D:3      | Malog: нахуй оно мне
  1209 | D:3      | namelastname112: с ними можно всю игру пройти
  1209 | D:3      | Malog: Я косу хочу
  1245 | D:3      | Reached XP level 5. HP: 51/51 MP: 8/8
  1254 | D:3      | XOM: noise
  1366 | D:3      | Killed Ijyb
  2011 | D:4      | XOM: noise
  2187 | D:3      | XOM: divination: detect creatures
  2210 | D:3      | Malog: на нахуй смайт в ебло
  2363 | D:4      | Reached XP level 6. HP: 54/58 MP: 9/9
  2440 | D:4      | XOM: scenery: create altars
  2468 | D:4      | Reached skill level 8 in Long Blades
  2471 | D:4      | XOM: confuse monster(s)
  2474 | D:4      | XOM: blink monster(s)
  2774 | D:4      | Noticed a steam dragon
  2787 | D:4      | Killed a steam dragon
  2787 | D:4      | Reached skill level 5 in Evocations
  2787 | D:4      | Your scales start taking on an icy white colour.
  2787 | D:4      | Reached XP level 7. HP: 19/64 MP: 10/10
  2787 | D:4      | Gained mutation: Your flesh is cold resistant. (rC+) [White
                  | Draconian growth]
  3072 | D:4      | Found a deep blue altar of Sif Muna.
  3085 | D:4      | Noticed a golden eye
  3085 | D:4      | a sky beast changed into a golden eye
  3085 | D:4      | XOM: polymorph sky beast -> golden eye
  3089 | D:4      | Killed a golden eye
  3390 | D:4      | XOM: medium Tmut miscast
  3401 | D:4      | XOM: summons 3 hostile demons
  3550 | D:4      | Noticed Robin
  3558 | D:4      | Killed Robin
  3578 | D:4      | XOM: 2-stop teleportation journey
  3595 | D:4      | XOM: swap monsters
  3600 | D:4      | XOM: repel stairs
  3605 | D:4      | XOM: mild Tloc miscast
  3656 | D:4      | Reached XP level 8. HP: 47/73 MP: 10/12
  3678 | D:4      | XOM: give mutations
  3678 | D:4      | Gained mutation: You are resistant to electric shocks.
                  | (rElec) [Xom's grace]
  3678 | D:4      | Gained mutation: You have a pair of small horns on your
                  | head. [Xom's grace]
  3678 | D:4      | Gained mutation: You expend magic power (3 MP) to
                  | strengthen your wands. [Xom's grace]
  3712 | D:4      | XOM: give mutations
  3712 | D:4      | Lost mutation: You have a pair of small horns on your head.
                  | [Xom's mischief]
  3712 | D:4      | Lost mutation: You expend magic power (3 MP) to strengthen
                  | your wands. [Xom's mischief]
  3712 | D:4      | Gained mutation: You occasionally shout uncontrollably at
                  | your foes. [Xom's mischief]
  3730 | D:4      | Found Gooquk's Antique Weapon Shop.
  4121 | D:5      | Entered Level 5 of the Dungeon
  4208 | D:5      | Reached skill level 9 in Long Blades
  4267 | D:5      | Found a staircase to the Ecumenical Temple.
  4296 | D:5      | XOM: 1-stop teleportation journey
  4323 | D:5      | XOM: give mutations
  4323 | D:5      | Gained mutation: You have sharp fingernails. [Xom's grace]
  4323 | D:5      | Gained mutation: Your flesh is very cold resistant. (rC++)
                  | [Xom's grace]
  4323 | D:5      | Gained mutation: Your skin changes colour to match your
                  | surroundings (Stealth+). [Xom's grace]
  4323 | D:5      | Gained mutation: Your system is resistant to poisons.
                  | (rPois) [Xom's grace]
  4375 | D:5      | Slain by a centaur

Vault maps used:
D:1:      dpeg_arrival_refuge
D:2:      lightli_corner_chamber
D:3:      minmay_mini_jars, uniq_ijyb
D:4:      lemuel_crystal_altar, serial_shops, nicolae_shop_window_shopping,
          first_ration, uniq_robin
D:5:      minmay_diamond_boxcup, minmay_temple_entry_statues_fountains,
          lightli_sewer_entry_pipes, minmay_misc_feat_five

Skill      XL: |  1  2  3  4  5  6  7  8 |
---------------+-------------------------+-----
Fighting       | 6 7 |  7.4
Long Blades    | 7 8 9 |  9.1
Dodging        | 4 5 |  5.9
Evocations     | 4 5 |  5.7

Action                   |  1- 3 |  4- 6 |  7- 9 || total
-------------------------+-------+-------+-------++-------
Melee: Falchion          |    78 |   150 |   190 ||   418
       Tailslap          |     9 |    30 |    22 ||    61
       Unarmed           |       |     4 |       ||     4
Evoke: Wand              |       |     2 |     1 ||     3
  Use: Scroll            |       |       |    14 ||    14
       Potion            |       |       |     1 ||     1
 Stab: Sleeping          |     1 |     1 |     1 ||     3
       Paralysed         |     1 |       |     3 ||     4
       Confused          |       |     5 |       ||     5
       Petrifying        |       |     1 |     2 ||     3
  Eat: Chunk             |       |     6 |     2 ||     8
       Ration            |       |       |     1 ||     1
Armor: Skin              |    20 |    38 |    63 ||   121
Dodge: Dodged            |    52 |    81 |    91 ||   224
       Rpst.: Falchion   |    16 |    28 |    34 ||    78

Table legend:
 A = Non-vault XP
 B = Vault XP
 C = Vault XP percentage of total XP
 D = Non-vault monster count
 E = Vault monster count
 F = Vault count percentage of total count
                 A         B        C        D         E       F
            +---------+---------+-------+---------+---------+-------
      Total |    1969 |     205 |   9.4 |      89 |      23 |  20.5
            +---------+---------+-------+---------+---------+-------
        D:1 |      22 |       0 |   0.0 |      15 |       0 |   0.0
        D:2 |      27 |       0 |   0.0 |       9 |       0 |   0.0
        D:3 |     119 |      63 |  34.6 |      20 |      11 |  35.5
        D:4 |    1305 |      28 |   2.1 |      36 |       8 |  18.2
        D:5 |     496 |     114 |  18.7 |       9 |       4 |  30.8
            +---------+---------+-------+---------+---------+-------
